 Dungeon Crawl Stone Soup version 0.29-a0-857-g9b1aa3ac5b (webtiles) character file.

Game seed: 15219952602026292582

39 nxtlvl the Cutter (level 3, -2/22 HPs)
             Began as a Deep Elf Monk on July 16, 2022.
             Killed by divine providence
             ... invoked by an orc priest
              (10 damage)
             ... on level 3 of the Dungeon.
             The game lasted 00:03:59 (896 turns).

nxtlvl the Cutter (Deep Elf Monk)                    Turns: 896, Time: 00:03:59

Health: -2/22      AC:  7    Str:  8    XL:     3   Next: 26%
Magic:  5/5        EV: 11    Int: 16    God:
Gold:   112        SH:  0    Dex: 17    Spells: 2/2 levels left

rFire   . . .      SeeInvis .   a - +0 short sword
rCold   . . .      Faith    .   (no shield)
rNeg    . . .      Spirit   .   f - +0 ring mail
rPois   .          Reflect  .   (no helmet)
rElec   .          Harm     .   (no cloak)
rCorr   .          Rampage  .   e - +1 pair of gloves
Will    .....                   (no boots)
Stlth   ++........              (no amulet)
HPRegen 0.07/turn               (no ring)
MPRegen 0.09/turn               (no ring)

@: no status effects
A: no striking features
a: no special abilities


You were on level 3 of the Dungeon.
You visited 1 branch of the dungeon, and saw 3 of its levels.

You collected 112 gold pieces.

Inventory:

Hand Weapons
 a - a +0 short sword (weapon)
Missiles
 m - 2 poisoned darts (quivered)
Armour
 b - a +0 robe
 e - a +1 pair of gloves (worn)
 f - a +0 ring mail (worn)
Scrolls
 d - a scroll of magic mapping {unknown}
 h - a scroll of torment {unknown}
 i - a scroll of poison {unknown}
 j - a scroll of amnesia {unknown}
 k - a scroll of teleportation {unknown}
 n - a scroll of identify {unknown}
Potions
 c - a potion of ambrosia
 g - a potion of resistance {unknown}
 l - a potion of curing {unknown}


   Skills:
 - Level 2.4 Fighting
 * Level 4.4 Short Blades
 - Level 3.6 Dodging
 - Level 2.4 Stealth


You had 2 spell levels left.
You didn't know any spells.
Your spell library was empty.

Dungeon Overview and Level Annotations

Branches:
Dungeon (3/15)

Altars:


Message History

Press: ? - help, Q - select action Shift-Dir - straight line, f - orc
Aim: an orc, wielding a +0 short sword (60% to hit)
You throw a poisoned dart.
The poisoned dart closely misses the orc.
You hit the orc.
The orc is lightly wounded.
The orc hits you with a +0 short sword.
You hit the orc but do no damage.
The orc is lightly wounded.
The orc closely misses you.
You hit the orc.
The orc is almost dead.
The orc closely misses you.
You hit the orc.
You kill the orc!
Throw: 4 darts (poison)
Press: ? - help, Q - select action Shift-Dir - straight line, f - orc
Aim: an orc, wielding a +0 dagger and wearing a +0 ring mail (64% to hit)
You throw a poisoned dart. The poisoned dart hits the orc.
The orc is poisoned.
You hit the orc but do no damage.
The orc is moderately wounded.
The orc hits you with a +0 dagger.
You hit the orc.
You kill the orc!
You hit the orc but do no damage.
Throw: 3 darts (poison)
Press: ? - help, Q - select action Shift-Dir - straight line, f - orc
Aim: an orc, wielding a +0 dagger and wearing a +0 chain mail (68% to hit)
You throw a poisoned dart. The poisoned dart hits the orc.
The orc is poisoned.
The orc hits you with a +0 dagger.
Unknown command.
You hit the orc but do no damage.
The orc is moderately wounded.
The orc closely misses you.
An orc priest comes into view. It is wielding a +0 whip.
You hit the orc but do no damage.
The orc is heavily wounded.
The orc priest calls down the wrath of Beogh upon you.
Beogh smites you!
You die...

....!..#..(.##.o.........##
>##..[.#....#............#
...........o..#........†.#
.##...##......#.....(....##
#... #....#..............
...# #....###.......).[..
.### #....###o.....<.....
########(........†.....
###.....@o(##............
........#####..#.........
##......#####..###.......
#.......................
#......####...###.......
#......# #...# #.......
........# #.#####.......
......######.####........
.........................


You could see an orc priest and an orc (poisoned).

Vanquished Creatures
  A dart slug (D:1)
  2 orcs (D:3)
  2 bats
  3 endoplasms
  2 goblins (D:3)
  5 hobgoblins
  2 jackals
  4 quokkas
  6 ball pythons
  2 kobolds (D:1)
  A rat (D:1)
30 creatures vanquished.

Notes
Turn   | Place    | Note
-------+----------+-------------------------------------------
     0 | D:1      | nxtlvl the Deep Elf Monk began the quest for the Orb.
     0 | D:1      | Reached XP level 1. HP: 13/13 MP: 3/3
   360 | D:1      | Reached XP level 2. HP: 14/18 MP: 4/4
   564 | D:1      | Reached skill level 4 in Short Blades
   716 | D:3      | Reached XP level 3. HP: 14/22 MP: 5/5
   896 | D:3      | Killed from afar by an orc priest

Illustrated notes

Levels and vault maps discovered:
D:1:      dpeg_arrival_long_road, layout_basic
D:2:      layout_basic, dreamdust_ecumenical_altar_drowned_temple
D:3:      layout_rooms

Skill      XL: |  1  2 |
---------------+-------+-----
Short Blades   | 4 |  4.4
Fighting       | |  2.4
Dodging        | |  3.6
Stealth        | |  2.4

Action                   || total
-------------------------++-------
Melee: Short sword       ||   126
Throw: Dart              ||     3
 Stab: Sleeping          ||     2
Armor: Robe              ||     5
       Ring mail         ||    29
Dodge: Dodged            ||    64

Table legend: (Time is in decaauts)
 A = Elapsed time spent in this place.
 B = Non-inter-level travel time spent in this place.
 C = Inter-level travel time spent in this place.
 D = Time resting spent in this place.
 E = Time spent auto-exploring this place.
 F = Levels seen in this place.
 G = Mean time per level.
                   A        B        C        D        E       F      G
               +--------+--------+--------+--------+--------+-----+--------+
         Total |    885 |    860 |     25 |      0 |    159 |   3 |  295.0 |
       Dungeon |    885 |    860 |     25 |      0 |    159 |   3 |  295.0 |
               +--------+--------+--------+--------+--------+-----+--------+

Top non-repeatable levels by time:
     D:1: 550 daAuts
     D:3: 211 daAuts
     D:2: 122 daAuts
